Map: Abyssal Reef LE

Players

Bly - Winner!

  • Race: Zerg Zerg
  • Spawn Location: 5:00

Rail

  • Race: Protoss Protoss
  • Spawn Location: 11:00

Event: WESG Barcelona European Finals 2017

VOD

Have the link to the VOD?

Description

Time

  • Played on: Nov. 23, 2017, 10:34 a.m.
  • Length: 17:40

All games in this series

Show
View Real Time Build Order
Export as new Build Order

Bly Zerg - Winner!

Build Orders: Hatch First, Lurkers 

Get SALT Encoding   

  12  0:01  Drone  
  13  0:12  Overlord  
  13  0:17  Drone  
  14  0:30  Drone  
  15  0:48  Hatchery  
  15  0:49  Drone  
  15  0:53  Drone  
  15  0:55  Drone  
  17  1:01  Drone  
  18  1:07  Extractor  
  17  1:16  Spawning Pool  
  16  1:19  Drone  
  16  1:22  Drone  
  18  1:33  Drone  
  19  1:45  Overlord  
  19  1:56  Drone  
  20  2:07  Queen  
  22  2:09  Queen  
  22  2:10  Zergling x4  
  22  2:11  Metabolic Boost  
  26  2:16  Drone  
  26  2:17  Drone  
  28  2:24  Drone  
  29  2:35  Drone x2  
  31  2:44  Hatchery  
  30  2:51  Drone x2  
  30  2:56  Overlord  
  32  3:03  Drone x2  
  33  3:15  Drone x3  
  36  3:22  Queen  
  36  3:24  Drone x4  
  36  3:25  Drone  
  42  3:28  Drone  
  43  3:36  Overlord  
  43  3:39  Overlord  
  43  3:42  Extractor  
  42  3:50  Drone  
  42  3:53  Lair  
  42  3:54  Roach Warren, Overlord  
  42  4:04  Drone  
  42  4:05  Drone x2  
  42  4:08  Drone x5  
  50  4:10  Extractor  
  49  4:26  Zergling x14  
  56  4:41  Roach  
  56  4:42  Roach x7  
  72  4:53  Glial Reconstitution  
  72  4:55  Overlord x3  
  72  4:59  Overseer  
  72  5:05  Overlord  
  72  5:06  Ravager  
  73  5:12  Overlord  
  73  5:13  Roach x4  
  83  5:14  Roach  
  83  5:15  Ravager  
  83  5:16  Zergling x2  
  85  5:27  Zergling x14  
  90  5:33  Zergling x6  
  92  5:37  Ravager x2  
  92  5:38  Zergling x4  
  92  5:39  Ravager  
  97  5:47  Zergling x2  
  97  5:48  Zergling x8  
  101  5:51  Roach x2  
  106  5:57  Roach  
  105  6:07  Roach  
  105  6:08  Roach  
  108  6:11  Overlord x2  
  108  6:12  Extractor  
  107  6:23  Ravager  
  108  6:28  Overlord  
  108  6:37  Roach x4  
  116  6:44  Hatchery  
  115  6:49  Overseer  
  115  6:53  Drone x6  
  121  7:01  Hydralisk Den  
  120  7:34  Overlord  
  120  7:35  Lurker Den, Overlord x5  
  119  7:37  Muscular Augments  
  119  7:55  Hydralisk x5  
  119  7:56  Hydralisk x5  
  139  8:04  Drone x2  
  140  8:17  Drone x2  
  140  8:18  Drone x2  
  144  8:23  Evolution Chamber  
  144  8:25  Queen  
  144  8:40  Drone x4  
  144  8:41  Drone x9  
  157  8:43  Extractor  
  157  8:45  Extractor  
  154  8:50  Zerg Missile Weapons Level 1  
  154  8:58  Spore Crawler  
  154  8:59  Drone x3  
  154  9:00  Drone x2, Spore Crawler  
  154  9:01  Drone  
  158  9:04  Lurker x3  
  158  9:06  Lurker  
  158  9:07  Lurker x2  
  158  9:09  Lurker  
  165  9:20  Hydralisk  
  165  9:21  Hydralisk  
  169  9:28  Overlord x2  
  169  9:29  Overlord  
  169  9:34  Hatchery  
  169  9:36  Lurker  
  169  9:38  Overlord  
  169  9:47  Hydralisk x6  
  179  10:12  Drone x2  
  175  10:16  Hydralisk x3  
  175  10:17  Hydralisk x5  
  191  10:28  Hydralisk  
  191  10:34  Infestation Pit  
  192  10:52  Lurker  
  192  10:53  Drone, Baneling Nest, Lurker  
  192  10:54  Drone x3  
  197  11:02  Extractor  
  195  11:04  Extractor  
  195  11:05  Overseer  
  195  11:09  Zerg Melee Weapons Level 1  
  190  11:25  Ravager x4  
  190  11:26  Ravager x2  
  190  11:28  Drone x4  
  190  11:29  Drone x2  
  135  11:50  Hive  
  135  11:51  Zergling x26  
  135  11:52  Zergling x20, Spire  
  143  12:12  Hydralisk  
  143  12:13  Hydralisk x9  
  146  12:32  Zergling x14  
  146  12:33  Centrifical Hooks  
  153  12:41  Hatchery  
  152  12:44  Lurker x2  
  152  12:45  Lurker x5  
  152  12:46  Lurker  
  152  12:48  Baneling x5  
  152  12:49  Baneling  
  160  12:53  Drone x4  
  164  13:04  Zerg Melee Weapons Level 2, Greater Spire  
  164  13:15  Spine Crawler  
  164  13:17  Spine Crawler  
  162  13:23  Evolution Chamber  
  162  13:24  Drone x2  
  162  13:25  Drone x7  
  162  13:26  Drone x2  
  171  13:30  Spine Crawler  
  171  13:31  Spine Crawler  
  169  13:35  Spore Crawler x2  
  169  13:38  Adaptive Talons, Spore Crawler  
  169  13:40  Spore Crawler  
  165  13:54  Hydralisk x4  
  165  13:55  Hydralisk x2  
  177  13:57  Baneling x8  
  177  13:58  Baneling x8  
  174  14:10  Corruptor x4  
  181  14:27  Corruptor x2  
  166  14:39  Hatchery  
  152  14:49  Brood Lord x4  
  160  15:04  Brood Lord  
  160  15:05  Brood Lord  
  164  15:08  Hydralisk x7  
  178  15:21  Infestor x2  
  139  15:46  Hydralisk x4  
  139  15:47  Hydralisk x4  
  155  15:54  Baneling x2  
  155  15:57  Zergling x14  
  155  15:58  Zergling x22  
  155  15:59  Spore Crawler  
  155  16:00  Spore Crawler  
  171  16:05  Spore Crawler  
  171  16:07  Spore Crawler  
  161  16:12  Lurker x2  
  162  16:20  Lurker x5  
  162  16:23  Drone  
  162  16:24  Drone x13  
  181  16:39  Extractor  
  175  16:41  Extractor  
  175  16:43  Corruptor x4  
  182  16:59  Drone x2, Spine Crawler  
  182  17:01  Spine Crawler  
  182  17:02  Spine Crawler, Infestor x2  
Show
View Real Time Build Order
Export as new Build Order

Rail Protoss 

Build Orders: 1 Gate Expand, Blink Stalkers, Chargelot Immortal 

Get SALT Encoding   

  12  0:00  Probe (Chrono Boost)  
  13  0:13  Probe (Chrono Boost)  
  14  0:15  Probe  
  15  0:22  Pylon  
  15  0:40  Probe  
  15  0:42  Gateway  
  16  0:47  Assimilator  
  16  0:52  Probe  
  18  1:04  Probe (Chrono Boost)  
  18  1:16  Probe (Chrono Boost)  
  19  1:19  Probe (Chrono Boost)  
  19  1:24  Nexus  
  20  1:33  Cybernetics Core  
  20  1:36  Probe  
  21  1:42  Assimilator  
  21  1:49  Pylon  
  21  1:51  Probe  
  22  2:03  Probe (Chrono Boost)  
  23  2:10  Warp Gate  
  23  2:12  Stalker  
  23  2:15  Probe (Chrono Boost)  
  27  2:24  Probe (Chrono Boost)  
  27  2:29  Probe  
  28  2:32  Twilight Council  
  28  2:36  Probe  
  29  2:41  Probe  
  29  2:42  Stalker  
  32  2:48  Probe  
  33  2:57  Probe  
  34  3:01  Robotics Facility  
  34  3:02  Probe  
  35  3:10  Probe  
  36  3:14  Probe  
  37  3:22  Probe (Chrono Boost)  
  37  3:25  Blink (Chrono Boost)  
  39  3:27  Probe (Chrono Boost)  
  39  3:31  Pylon  
  39  3:34  Probe (Chrono Boost)  
  40  3:38  Probe (Chrono Boost)  
  40  3:40  Gateway, Probe (Chrono Boost)  
  40  3:41  Probe (Chrono Boost)  
  43  3:46  Gateway  
  44  3:53  Warp Prism (Chrono Boost)  
  45  3:56  Gateway  
  45  4:02  Gateway  
  45  4:07  Gateway  
  45  4:17  Gateway  
  46  4:24  Zealot  
  46  4:27  Pylon  
  46  4:28  Observer (Chrono Boost)  
  46  4:31  Pylon  
  48  4:35  Pylon  
  48  4:37  Pylon  
  48  4:47  Stalker x3  
  48  4:50  Stalker  
  56  5:06  Stalker x2  
  60  5:10  Stalker x2  
  60  5:11  Stalker  
  60  5:13  Zealot, Stalker  
  68  5:45  Stalker  
  68  5:46  Stalker x3, Zealot x2  
  68  5:47  Zealot  
  79  6:09  Pylon  
  79  6:11  Stalker x2  
  79  6:14  Probe x2  
  79  6:15  Assimilator  
  79  6:16  Pylon  
  79  6:18  Assimilator  
  85  6:21  Pylon  
  85  6:31  Pylon  
  85  6:37  Immortal (Chrono Boost)  
  85  6:38  Probe x2  
  91  6:42  Charge (Chrono Boost)  
  91  6:43  Zealot x3  
  91  6:45  Zealot  
  99  6:50  Probe  
  100  6:58  Probe  
  100  7:01  Immortal (Chrono Boost)  
  105  7:02  Probe  
  106  7:12  Pylon  
  106  7:25  Robotics Bay  
  106  7:26  Probe x2  
  106  7:29  Nexus  
  108  7:31  Pylon  
  108  7:35  Immortal  
  112  7:40  Sentry  
  114  7:45  Probe x2, Pylon  
  116  7:54  Shield Battery  
  116  8:04  Probe x2  
  118  8:11  Assimilator  
  118  8:15  Assimilator  
  118  8:16  Probe x2, Pylon  
  120  8:20  Colossus (Chrono Boost)  
  120  8:22  Forge  
  120  8:23  Extended Thermal Lance  
  126  8:28  Sentry  
  126  8:30  Stalker x2  
  132  8:34  Probe  
  132  8:39  Pylon  
  133  8:42  Robotics Facility  
  133  8:45  Probe  
  133  8:47  Probe  
  135  8:54  Protoss Ground Weapons Level 1 (Chrono Boost)  
  135  8:57  Probe  
  135  8:58  Photon Cannon, Probe  
  135  8:59  Probe  
  138  9:07  Colossus (Chrono Boost)  
  144  9:13  Gateway  
  144  9:16  Pylon  
  144  9:29  Colossus (Chrono Boost)  
  150  9:31  Shield Battery  
  150  9:34  Zealot x4  
  158  9:40  Templar Archives  
  158  9:51  Pylon  
  162  9:53  Immortal (Chrono Boost)  
  162  10:05  Zealot  
  162  10:06  Zealot x5  
  174  10:11  Immortal  
  166  10:29  High Templar x5  
  166  10:30  Nexus  
  166  10:35  Protoss Ground Weapons Level 2 (Chrono Boost), Pylon  
  178  10:39  Archon x2  
  178  10:40  Warp Prism (Chrono Boost)  
  178  10:41  Pylon  
  168  10:50  Observer (Chrono Boost)  
  169  10:57  Zealot x3  
  169  11:02  Observer  
  176  11:07  Observer  
  176  11:10  Zealot x4  
  185  11:12  Zealot  
  183  11:20  High Templar, Zealot x2  
  183  11:23  Immortal  
  193  11:25  Archon  
  193  11:28  Observer  
  131  11:44  Zealot x2, Stalker  
  131  11:45  Zealot  
  131  11:47  High Templar x3  
  117  11:51  Archon  
  117  11:53  Gateway  
  121  11:54  Gateway  
  121  11:55  Zealot  
  123  12:07  High Templar  
  123  12:08  Zealot x3  
  129  12:13  Archon  
  115  12:22  Observer (Chrono Boost)  
  107  12:27  Immortal (Chrono Boost)  
  107  12:29  Sentry, Zealot x5  
  119  12:35  Observer  
  119  12:36  Protoss Ground Weapons Level 3 (Chrono Boost)  
  120  12:42  Zealot x2  
  124  12:47  Probe x2  
  126  12:52  Assimilator  
  126  12:53  Probe x2  
  126  12:56  Immortal  
  126  12:57  High Templar x2, Assimilator  
  136  12:59  Colossus  
  136  13:04  Archon  
  136  13:05  Zealot x4  
  148  13:10  Photon Cannon  
  150  13:24  High Templar x2, Zealot x2  
  158  13:29  Archon, Zealot x2  
  158  13:30  Zealot x3  
  168  13:35  Sentry, Observer  
  171  13:48  High Templar  
  171  13:49  High Templar, Zealot  
  171  13:50  Zealot  
  171  13:51  Zealot x3  
  171  13:53  Observer  
  171  13:54  Archon  
  186  13:56  Zealot  
  186  13:57  Observer, Zealot  
  186  14:02  Zealot  
  189  14:14  Warp Prism  
  181  14:20  Colossus  
  181  14:24  High Templar x3  
  191  14:25  High Templar, Zealot x2  
  191  14:27  Photon Cannon  
  191  14:30  Archon  
  191  14:31  Archon  
  142  14:46  High Templar x2, Zealot  
  142  14:47  Zealot x3  
  142  14:48  Protoss Shields Level 1 (Chrono Boost)  
  154  14:53  Archon  
  154  14:57  Immortal  
  158  15:00  Zealot x2  
  158  15:01  Zealot x2  
  166  15:18  High Templar x4  
  174  15:22  Sentry, Zealot x2  
  174  15:23  Archon  
  174  15:25  Zealot x2  
  174  15:26  Archon  
  184  15:33  Immortal  
  122  15:44  Stalker x3  
  122  15:49  Sentry  
  119  15:50  Stalker x2  
  119  15:51  Zealot  
  125  16:00  Zealot  
  125  16:12  High Templar x2, Zealot  
  125  16:13  Observer  
  125  16:17  Archon  
  130  16:21  Zealot x3  
  130  16:22  Zealot  
  130  16:24  Stalker x2  
  130  16:25  Stalker  
  144  16:30  Observer  
  143  16:35  Stalker  
  145  16:42  Stalker x2  
  145  16:43  Stalker x2  
  143  16:53  Observer  
  141  16:58  Stalker x2  
  141  16:59  Stalker x4  
  152  17:09  Observer  
  138  17:15  Sentry, Zealot  
  138  17:16  Zealot x2  
Tags
 
Add a new tag
Caveats
  • Supply blocks, unpowered buildings, or Contaminate may cause inaccurate times.
  • Supply counts are checked every 10 seconds.